 Dungeon Crawl Stone Soup version 0.28-a0-1524-ge72afd5fc6 (webtiles) character file.

Game seed: 17315659711648333036

651 knot the Chopper (level 7, 54/78 HPs)
             Began as a Demonspawn Berserker on Jan 18, 2022.
             Was a Believer of Trog.
             Quit the game on level 4 of the Dungeon.
             The game lasted 00:04:48 (4167 turns).

knot the Chopper (Demonspawn Berserker)             Turns: 4167, Time: 00:04:49

Health: 54/78      AC:  6    Str: 17    XL:     7   Next: 28%
Magic:  3/7        EV: 19    Int: 11    God:    Trog [**....]
Gold:   191        SH:  0    Dex: 12    Spells: 6/6 levels left

rFire   . . .      SeeInvis .   x - +6 scythe (venom)
rCold   . . .      Faith    .   (shield currently unavailable)
rNeg    . . .      Spirit   +   g - +0 ring mail
rPois   .          Reflect  .   (no helmet)
rElec   .          Harm     .   (no cloak)
rCorr   .          Rampage  .   y - +0 pair of gloves
Will    .....                   (no boots)
Stlth   ..........              q - amulet of regeneration
HPRegen 1.03/turn               d - +4 ring of evasion
MPRegen 0.20/turn               v - +4 ring of evasion

@: berserking, very quick
A: ignite blood 1, magic shield, magic regeneration
a: Renounce Religion, Berserk, Trog's Hand


You were on level 4 of the Dungeon.
You worshipped Trog.
Trog was pleased with you.
You visited 1 branch of the dungeon, and saw 5 of its levels.

You collected 191 gold pieces.

Inventory:

Hand Weapons
 a - a +0 hand axe
 j - a +1 dagger of venom
 x - a +6 scythe of venom (weapon)
Missiles
 c - 68 stones (quivered)
 u - 17 sling bullets
Armour
 g - a +0 ring mail (worn)
 y - a +0 pair of gloves (worn)
Jewellery
 d - a +4 ring of evasion (left hand)
 q - an amulet of regeneration (around neck)
 v - a +4 ring of evasion (right hand)
Wands
 w - a wand of flame (13)
Scrolls
 b - a scroll of amnesia {unknown}
 f - a scroll of immolation {unknown}
 i - 2 scrolls of fog
 k - 3 scrolls of teleportation {unknown}
 l - 3 scrolls of fear {unknown}
 o - a scroll of enchant weapon {unknown}
 p - a scroll of noise {unknown}
 r - 5 scrolls of identify {unknown}
 s - a scroll of torment {unknown}
 t - a scroll of silence {unknown}
Potions
 e - a potion of brilliance {unknown}
 h - a potion of resistance {unknown}
 m - a potion of flight {unknown}
 n - 2 potions of attraction {unknown}


   Skills:
 - Level 3.0 Fighting
 * Level 6.2 Axes
 * Level 4.4 Throwing
 - Level 1.7 Armour
 - Level 1.7 Dodging


You had 6 spell levels left.
You didn't know any spells.
Your spell library contained the following spells:

 Spells                   Type           Power      Damage    Failure   Level
 Ignite Poison            Fire/Tmut/Pois 0%         N/A       88%         3
 Mephitic Cloud           Conj/Pois/Air  0%         N/A       88%         3
 Freezing Cloud           Conj/Ice/Air   0%         6-21      100%        5


Dungeon Overview and Level Annotations

Branches:
Dungeon (5/15)
 Temple: D:4-7

Altars:
Ashenzari
Fedhas
Ru
Yredelemnul

Shops:
D:1 (


Innate Abilities, Weirdness & Mutations

Your demonic aura sometimes causes spilled blood to erupt in flames.
When hurt, damage is shared between your health and your magic reserves.
You regenerate magic rapidly.


Message History

You climb downwards.
Found a pair of gloves.
There is a stone staircase leading up here.
You see here a +0 pair of gloves.
y - a +0 pair of gloves You start putting on your armour.
You continue putting on your +0 pair of gloves. x4
You finish putting on your +0 pair of gloves.
A yak comes into view.
The yak bellows!
A water moccasin skeleton comes into view. 2 yaks come into view.
The yak bellows!
A yak comes into view.
Okay, then.
Aiming: Throw Flame
Press: ? - help, Shift-Dir - straight line, f - yak
Aim: a yak (81% to hit)
The puff of flame hits the yak.
The yak is lightly wounded.
There is a stone staircase leading up here.
You climb upwards.
There is a stone staircase leading down here.
Your +6 scythe of venom begins to drip with poison!
x - a +6 scythe of venom (weapon)
The yak gores you!
A red film seems to cover your vision as you go berserk!
You feel yourself moving faster!
You feel mighty! The yak gores you!
You slice the yak!!
The yak looks as sick as possible!
The yak is severely wounded.
The yak barely misses you.
You slice the yak!!
You kill the yak!
Trog accepts your kill.
Your Axes skill increases to level 6!
Your Throwing skill increases to level 4!
You have reached level 7!
Your demonic ancestry asserts itself...
Your blood heats up.
Are you sure you want to abandon this character and quit the game? (Confirm with "yes".)

###########
#[....#...# ###
#.....#...# #.#
#.....#...# #.#
#.....#...############
#.#
#.....'......##...#...
#.#
#.....##.#####..#..#..
#.#
#....@†.......#..#..#.
#.#
#.....##.#####.#..#..#
#.# #.....##.#
###..###..
#.######.....##.#
#.########
#.##.........##.#
#.......#.
#.##.........##.#
#.......#.
#.##............#
#.......#.
#.##............#
##.........
###.###.#######...#
#......#...


There were no monsters in sight!

Vanquished Creatures
  Sigmund (D:4)
  A yak (D:4)
  Menkaure (D:4)
  A hound (D:4)
  A bullfrog skeleton (D:4)
  Natasha (thrice) (D:4)
  7 adders
  2 adder skeletons (D:4)
  4 worms
  An orc (D:3)
  10 endoplasms
  4 giant cockroaches
  3 hobgoblins (D:1)
  4 jackals (D:1)
  3 quokkas
  7 ball pythons
  3 bats
  2 frilled lizards
  8 goblins
  7 kobolds
  3 rats
76 creatures vanquished.

Notes
Turn   | Place    | Note
-------+----------+-------------------------------------------
     0 | D:1      | knot the Demonspawn Berserker began the quest for the Orb.
     0 | D:1      | Reached XP level 1. HP: 18/18 MP: 1/1
   155 | D:1      | Found Xaoviug's Antique Weapon Shop.
   184 | D:1      | Reached skill level 3 in Axes
   490 | D:1      | Gained mutation: You regenerate magic rapidly. [demonic
                  | ancestry]
   490 | D:1      | Reached XP level 2. HP: 16/24 MP: 2/2
  1272 | D:2      | Reached XP level 3. HP: 27/29 MP: 3/3
  1310 | D:2      | Reached skill level 4 in Axes
  1673 | D:2      | Found a faded altar of an unknown god.
  2098 | D:3      | Reached skill level 1 in Throwing
  2098 | D:3      | Reached XP level 4. HP: 35/35 MP: 4/4
  2195 | D:3      | Reached ** piety under Trog
  2484 | D:3      | Found a basalt altar of Yredelemnul.
  2484 | D:3      | Found a sacrificial altar of Ru.
  2839 | D:4      | Noticed Natasha
  2847 | D:4      | Killed Natasha
  2924 | D:4      | Reached XP level 5. HP: 34/41 MP: 5/5
  3049 | D:4      | Found a blossoming altar of Fedhas.
  3123 | D:4      | Noticed Sigmund
  3123 | D:4      | Noticed Menkaure
  3133 | D:4      | Killed Sigmund
  3134 | D:4      | Reached skill level 5 in Axes
  3134 | D:4      | Gained mutation: When hurt, damage is shared between your
                  | health and your magic reserves. [demonic ancestry]
  3134 | D:4      | Reached XP level 6. HP: 11/47 MP: 6/6
  3138 | D:4      | Killed Menkaure
  3349 | D:4      | Noticed Natasha
  3383 | D:4      | Killed Natasha
  3463 | D:4      | Found a broken altar of Ashenzari.
  3502 | D:4      | Noticed Natasha
  3522 | D:4      | Killed Natasha
  4134 | D:5      | Entered Level 5 of the Dungeon
  4149 | D:5      | Noticed a yak
  4150 | D:5      | Noticed a yak
  4150 | D:5      | Noticed a yak
  4150 | D:5      | Noticed a yak
  4166 | D:4      | Killed a yak
  4167 | D:4      | Reached skill level 6 in Axes
  4167 | D:4      | Gained mutation: Your demonic aura sometimes causes spilled
                  | blood to erupt in flames. [demonic ancestry]
  4167 | D:4      | Reached XP level 7. HP: 52/52 MP: 3/7
  4167 | D:4      | Quit the game

Illustrated notes

Levels and vault maps discovered:
D:1:      amcnicky_arrival_underground_garden, layout_loops_cross, serial_shops,
          shop, minmay_liquid_box
D:2:      layout_rooms, chequers_ecumenical_altar_simple
D:3:      layout_basic, gammafunk_temple_overflow_elements,
          minmay_misc_feat_plants, grunt_decor_arrowhead, minmay_quantized
D:4:      layout_basic, marbit_many_paths, mainiacjoe_overflow_tiny_flanked,
          minmay_close_crescents, uniq_sigmund, uniq_natasha, uniq_menkaure
D:5:      layout_gridville, mainiacjoe_overflow_divided_tiny, temple_statues,
          uniq_ijyb

Skill      XL: |  1  2  3  4  5  6 |
---------------+-------------------+-----
Axes           | 3 4 5 6 |  6.2
Throwing       | 1 2 3 4 |  4.4
Fighting       | |  3.0
Armour         | |  1.7
Dodging        | |  1.7

Action                   |  1- 3 |  4- 6 |  7- 9 || total
-------------------------+-------+-------+-------++-------
Melee: Hand axe          |    77 |    35 |       ||   112
       Punch             |     5 |     1 |       ||     6
       Dagger            |    44 |   131 |       ||   175
       Scythe            |       |     2 |       ||     2
Throw: Stone             |       |     4 |       ||     4
Invok: Berserk           |     2 |     3 |       ||     5
Evoke: Wand              |       |     1 |       ||     1
  Use: Scroll            |       |     1 |       ||     1
 Stab: Sleeping          |     1 |       |       ||     1
Armor: Animal skin       |     5 |       |       ||     5
       Ring mail         |    16 |    24 |       ||    40
Dodge: Dodged            |    86 |   112 |       ||   198

Table legend: (Time is in decaauts)
 A = Elapsed time spent in this place.
 B = Non-inter-level travel time spent in this place.
 C = Inter-level travel time spent in this place.
 D = Time resting spent in this place.
 E = Time spent auto-exploring this place.
 F = Levels seen in this place.
 G = Mean time per level.
                   A        B        C        D        E       F      G
               +--------+--------+--------+--------+--------+-----+--------+
         Total |   4209 |   4076 |    133 |    731 |   2744 |   5 |  841.8 |
       Dungeon |   4209 |   4076 |    133 |    731 |   2744 |   5 |  841.8 |
               +--------+--------+--------+--------+--------+-----+--------+

Top non-repeatable levels by time:
     D:4: 1339 daAuts
     D:1: 1233 daAuts
     D:3: 931 daAuts
     D:2: 676 daAuts
     D:5: 27 daAuts
